[Event "Deutsche Schachbundesliga"]
[Site "Emsdetten/Germany"]
[Date "2009.11.15"]
[Round "4.8"]
[White "Abel"]
[Black "Handke"]
[Result "0-1"]
[WhiteElo "2328"]
[BlackElo "2513"]
[PlyCount "76"]
[EventDate "2009.??.??"]
[WhiteTeam "SFB"]
[BlackTeam "WAT"]
[TimeControl "40/6000+30:20/3000+30:900+30"]
[WhiteClock "0:01:59"]
[BlackClock "0:11:00"]

1. d4 d5 2. c4 c6 3. Nf3 Nf6 4. e3 Bf5 5. Nc3 e6 6. Nh4 Be4 7. f3 Bg6 8. Qb3
Qc7 9. Bd2 Be7 10. g3 a6 11. Rc1 Nbd7 12. cxd5 exd5 13. Bg2 Qb6 14. Qxb6 Nxb6
15. Nxg6 hxg6 16. b3 a5 17. a4 Bb4 18. h4 Nbd7 19. Ne2 Bxd2+ 20. Kxd2 Ke7 21.
g4 Rad8 22. Nf4 Ne8 23. g5 Nc7 24. Ne2 Rh7 25. Rh3 Rdh8 26. Rch1 Nf8 27. Ng3
Ne8 28. e4 Ne6 29. Ke3 N8c7 30. e5 c5 31. f4 Nxd4 32. h5 gxh5 33. f5 g6 34. f6+
Kd7 35. Rh4 Nde6 36. Rd1 d4+ 37. Kd3 Nxg5 38. Kc4 b6 0-1

[Event "Deutsche Schachbundesliga"]
[Site "Baden-Baden/Germany"]
[Date "2009.11.15"]
[Round "4.3"]
[White "Adams"]
[Black "Michiels"]
[Result "1-0"]
[WhiteElo "2682"]
[BlackElo "2462"]
[PlyCount "61"]
[EventDate "2009.??.??"]
[WhiteTeam "BAD"]
[BlackTeam "ERF"]
[TimeControl "40/6000+30:20/3000+30:900+30"]
[WhiteClock "0:24:00"]
[BlackClock "0:14:00"]

1. e4 c5 2. Nf3 Nc6 3. Bb5 g6 4. Bxc6 dxc6 5. d3 Bg7 6. h3 Nf6 7. Nc3 Nd7 8.
Be3 e5 9. Qd2 h6 10. O-O Qe7 11. Nh2 Nf8 12. f4 exf4 13. Bxf4 g5 14. Bg3 Ng6
15. e5 O-O 16. Rae1 Be6 17. Nf3 Bd5 18. Nxd5 cxd5 19. c3 Rae8 20. d4 cxd4 21.
Qxd4 Qe6 22. Qxa7 Ra8 23. Qf2 Rxa2 24. Kh1 f6 25. Nd4 Qb6 26. Qf3 Ne7 27. Nf5
Nxf5 28. Qxd5+ Kh8 29. Rxf5 Rxb2 30. exf6 Bxf6 31. Rxf6 1-0

[Event "Deutsche Schachbundesliga"]
[Site "Bremen/Germany"]
[Date "2009.11.15"]
[Round "4.3"]
[White "Areshchenko"]
[Black "Gordon"]
[Result "1-0"]
[WhiteElo "2667"]
[BlackElo "2535"]
[PlyCount "89"]
[EventDate "2009.??.??"]
[WhiteTeam "WBR"]
[BlackTeam "TRI"]
[TimeControl "40/6000+30:20/3000+30:900+30"]
[WhiteClock "0:53:00"]
[BlackClock "0:29:00"]

1. e4 c5 2. Nf3 d6 3. d4 cxd4 4. Nxd4 Nf6 5. Nc3 a6 6. Be3 e5 7. Nf3 Qc7 8. a4
Be7 9. Be2 O-O 10. O-O Nbd7 11. Nd2 Nc5 12. a5 Be6 13. Bf3 Rfd8 14. Nd5 Bxd5
15. exd5 e4 16. Bxc5 dxc5 17. Bxe4 c4 18. Qf3 c3 19. bxc3 Bd6 20. g3 Nd7 21. c4
g6 22. Bd3 Ne5 23. Qe2 Re8 24. Ne4 Kg7 25. Rab1 Rab8 26. Qe3 Nd7 27. Qd2 Nc5
28. Nxd6 Qxd6 29. Qc3+ Qf6 30. Qxf6+ Kxf6 31. Rb6+ Ke7 32. Rfb1 Red8 33. Re1+
Kf8 34. Reb1 Ke7 35. Kf1 Rd6 36. Ke2 Rxb6 37. Rxb6 Nd7 38. Rb1 Kd6 39. Kd2 b6
40. axb6 Rxb6 41. Ra1 Nc5 42. Kc3 Rb7 43. Kd4 f5 44. Ra5 Rc7 45. f3 1-0

[Event "Deutsche Schachbundesliga"]
[Site "Bremen/Germany"]
[Date "2009.11.15"]
[Round "4.7"]
[White "Babula"]
[Black "Gonda"]
[Result "1/2-1/2"]
[WhiteElo "2569"]
[BlackElo "2486"]
[PlyCount "80"]
[EventDate "2009.??.??"]
[WhiteTeam "WBR"]
[BlackTeam "TRI"]
[TimeControl "40/6000+30:20/3000+30:900+30"]
[WhiteClock "0:50:00"]
[BlackClock "0:51:00"]

1. d4 Nf6 2. c4 e6 3. Nf3 Bb4+ 4. Bd2 Qe7 5. g3 Nc6 6. Nc3 Bxc3 7. Bxc3 Ne4 8.
Rc1 O-O 9. Bg2 a5 10. O-O Nxc3 11. Rxc3 d6 12. d5 Nb4 13. a3 Na6 14. dxe6 fxe6
15. Nd4 c6 16. Re3 Bd7 17. f4 Rae8 18. Nf3 Bc8 19. b3 e5 20. Qa1 a4 21. b4 Qf7
22. b5 Nc5 23. fxe5 Qxc4 24. bxc6 bxc6 25. Qc3 Ba6 26. exd6 Qxc3 27. Rxc3 Ne4
28. Rxc6 Bxe2 29. Re1 Bxf3 30. Bxf3 Rxf3 31. d7 Rd8 32. Rc8 Rff8 33. Rxd8 Rxd8
34. Rxe4 Rxd7 35. Rxa4 Rd2 36. Rf4 Ra2 37. a4 h5 38. h4 Kh7 39. Kf1 Kh6 40. Kg1
Kh7 1/2-1/2

[Event "Deutsche Schachbundesliga"]
[Site "Baden-Baden/Germany"]
[Date "2009.11.15"]
[Round "4.6"]
[White "Belezky"]
[Black "Gerigk"]
[Result "1/2-1/2"]
[WhiteElo "2463"]
[BlackElo "2335"]
[PlyCount "30"]
[EventDate "2009.??.??"]
[WhiteTeam "BAY"]
[BlackTeam "HDS"]
[TimeControl "40/6000+30:20/3000+30:900+30"]
[WhiteClock "1:08:00"]
[BlackClock "0:59:00"]

1. Nf3 d5 2. g3 Nc6 3. c4 d4 4. d3 e5 5. Bg2 Nf6 6. O-O a5 7. e3 Be7 8. exd4
exd4 9. Na3 Nd7 10. Nb5 Nc5 11. Re1 O-O 12. Bf4 Ne6 13. Bd2 Nc5 14. Bf4 Ne6 15.
Bd2 Nc5 1/2-1/2

[Event "Deutsche Schachbundesliga"]
[Site "Bremen/Germany"]
[Date "2009.11.15"]
[Round "4.2"]
[White "Berkes"]
[Black "Kempinski"]
[Result "1/2-1/2"]
[WhiteElo "2663"]
[BlackElo "2616"]
[PlyCount "41"]
[EventDate "2009.??.??"]
[WhiteTeam "EPP"]
[BlackTeam "HSK"]
[TimeControl "40/6000+30:20/3000+30:900+30"]
[WhiteClock "0:38:00"]
[BlackClock "0:24:00"]

1. d4 d5 2. Bf4 e6 3. e3 Bd6 4. Bg3 Ne7 5. Bd3 b6 6. c3 a5 7. Nd2 Ba6 8. Bxa6
Nxa6 9. Ngf3 O-O 10. e4 c5 11. e5 Bc7 12. Nf1 Qd7 13. Ne3 b5 14. h4 b4 15. a3
bxc3 16. bxc3 a4 17. O-O Rfb8 18. Qc2 h6 19. c4 cxd4 20. Nxd4 Bb6 21. Rfd1
1/2-1/2

[Event "Deutsche Schachbundesliga"]
[Site "Muellheim/Germany"]
[Date "2009.11.15"]
[Round "4.3"]
[White "Bischoff"]
[Black "Buhmann"]
[Result "1/2-1/2"]
[WhiteElo "2561"]
[BlackElo "2603"]
[PlyCount "61"]
[EventDate "2009.??.??"]
[WhiteTeam "KAT"]
[BlackTeam "SOL"]
[TimeControl "40/6000+30:20/3000+30:900+30"]

1. e4 e6 2. d3 d5 3. Qe2 Nc6 4. Nf3 e5 5. c3 Bg4 6. h3 Bh5 7. Nbd2 Nge7 8. g3
Qd7 9. Bg2 O-O-O 10. O-O dxe4 11. dxe4 Qd3 12. Qd1 f6 13. Re1 Bf7 14. Bf1 Qd7
15. b4 Kb8 16. Qc2 Nc8 17. a3 Be6 18. h4 h6 19. Bb2 g5 20. Rad1 Qf7 21. Be2 Rg8
22. c4 N6e7 23. c5 Ng6 24. h5 Nge7 25. Nc4 Rxd1 26. Rxd1 g4 27. Nh4 Qxh5 28.
Ne3 Qf7 29. Rd8 h5 30. Nhf5 Bg7 31. Rd2 1/2-1/2

[Event "Deutsche Schachbundesliga"]
[Site "Bremen/Germany"]
[Date "2009.11.15"]
[Round "4.6"]
[White "Braun"]
[Black "Müller"]
[Result "0-1"]
[WhiteElo "2519"]
[BlackElo "2523"]
[PlyCount "120"]
[EventDate "2009.??.??"]
[WhiteTeam "EPP"]
[BlackTeam "HSK"]
[TimeControl "40/6000+30:20/3000+30:900+30"]
[WhiteClock "1:00:00"]
[BlackClock "0:34:00"]

1. d4 Nf6 2. Nf3 c5 3. d5 e6 4. Nc3 exd5 5. Nxd5 Nxd5 6. Qxd5 Nc6 7. Bg5 Be7 8.
O-O-O Nb4 9. Bxe7 Qxe7 10. Qb3 d6 11. e4 O-O 12. a3 Nc6 13. Bc4 Na5 14. Qd3
Nxc4 15. Qxc4 Be6 16. Qd3 Rfd8 17. Rhe1 Rab8 18. Qe3 h6 19. Ng1 b5 20. Ne2 b4
21. Nf4 bxa3 22. Qxa3 Rb6 23. Qc3 Rdb8 24. Nxe6 Qxe6 25. b3 Rc6 26. Re3 Rb4 27.
f3 a5 28. Rd5 Rcb6 29. Kd2 a4 30. bxa4 Rxa4 31. Re1 Rbb4 32. Rd3 Rd4 33. Ke2 f5
34. Rxd4 Rxd4 35. Kf1 fxe4 36. Kg1 Qd5 37. fxe4 Rxe4 38. Rxe4 Qxe4 39. Qb3+ Kh7
40. h3 Qd4+ 41. Kh1 d5 42. Qf3 Qa1+ 43. Kh2 Qe5+ 44. Kh1 c4 45. c3 d4 46. cxd4
Qxd4 47. Qf5+ Kg8 48. Qe6+ Kf8 49. Qc8+ Kf7 50. Qb7+ Kg6 51. Qc6+ Kh7 52. Qf3
Qd3 53. Qf4 c3 54. Kh2 c2 55. h4 Qd5 56. g4 Qc6 57. Qc1 Qd6+ 58. Kg2 Qd5+ 59.
Kh2 Qc4 60. h5 Kg8 0-1

[Event "Deutsche Schachbundesliga"]
[Site "Emsdetten/Germany"]
[Date "2009.11.15"]
[Round "4.5"]
[White "Breder"]
[Black "Muse D"]
[Result "1-0"]
[WhiteElo "2435"]
[BlackElo "2374"]
[PlyCount "37"]
[EventDate "2009.??.??"]
[WhiteTeam "EMS"]
[BlackTeam "TEG"]
[TimeControl "40/6000+30:20/3000+30:900+30"]
[WhiteClock "0:35:00"]
[BlackClock "1:07:00"]

1. e4 c6 2. d4 d5 3. exd5 cxd5 4. c4 Nf6 5. Nc3 Nc6 6. Bg5 Be6 7. a3 h6 8. Bxf6
exf6 9. cxd5 Bxd5 10. Qe2+ Ne7 11. Nxd5 Qxd5 12. Qb5+ Qxb5 13. Bxb5+ Kd8 14.
Bc4 Nf5 15. Bxf7 Nxd4 16. O-O-O Bc5 17. Nf3 Ke7 18. Bd5 Rhd8 19. Rhe1+ 1-0

[Event "Deutsche Schachbundesliga"]
[Site "Baden-Baden/Germany"]
[Date "2009.11.15"]
[Round "4.2"]
[White "Bromberger"]
[Black "Svetushkin"]
[Result "1/2-1/2"]
[WhiteElo "2518"]
[BlackElo "2570"]
[PlyCount "71"]
[EventDate "2009.??.??"]
[WhiteTeam "BAY"]
[BlackTeam "HDS"]
[TimeControl "40/6000+30:20/3000+30:900+30"]
[WhiteClock "0:41:00"]
[BlackClock "0:42:00"]

1. d4 d5 2. c4 c6 3. Nf3 Nf6 4. Nc3 dxc4 5. a4 Bf5 6. Ne5 Nbd7 7. Nxc4 Nb6 8.
Ne5 a5 9. f3 Nfd7 10. e4 Nxe5 11. dxe5 Qxd1+ 12. Kxd1 Be6 13. Kc2 Bc4 14. Be3
Bxf1 15. Rhxf1 Nd7 16. e6 fxe6 17. Rfb1 e5 18. b4 e6 19. bxa5 Bc5 20. Bd2 O-O-O
21. Ne2 Bd4 22. Nxd4 exd4 23. Bg5 Rde8 24. Rb4 e5 25. Rab1 Nc5 26. a6 bxa6 27.
Rc4 Ne6 28. Rxc6+ Kd7 29. Rxa6 Rc8+ 30. Kd2 Nxg5 31. Rb7+ Rc7 32. Rxc7+ Kxc7
33. h4 Kb7 34. Rd6 Kc7 35. Ra6 Kb7 36. Rd6 1/2-1/2

[Event "Deutsche Schachbundesliga"]
[Site "Baden-Baden/Germany"]
[Date "2009.11.15"]
[Round "4.4"]
[White "Casper"]
[Black "Vallejo Pons"]
[Result "0-1"]
[WhiteElo "2395"]
[BlackElo "2696"]
[PlyCount "76"]
[EventDate "2009.??.??"]
[WhiteTeam "ERF"]
[BlackTeam "BAD"]
[TimeControl "40/6000+30:20/3000+30:900+30"]
[WhiteClock "0:01:10"]
[BlackClock "0:04:14"]

1. e4 c5 2. Nf3 e6 3. c3 Nf6 4. d3 Nc6 5. Nbd2 d5 6. Be2 Bd6 7. O-O O-O 8. Re1
Re8 9. Bf1 e5 10. exd5 Nxd5 11. h3 Bf5 12. Qb3 Nb6 13. Ne4 Be6 14. Qc2 Rc8 15.
Nfg5 Bf5 16. Nxd6 Qxd6 17. Ne4 Qe7 18. Qb3 h6 19. Qb5 Nb8 20. Qa5 Nd5 21. Qxa7
Na6 22. c4 Ra8 23. Qxa8 Rxa8 24. cxd5 Nb4 25. Be3 b6 26. d6 Qd8 27. Rec1 Nxa2
28. Rd1 Be6 29. g4 h5 30. g5 Qd7 31. Kh2 Rd8 32. f4 Nb4 33. Bd2 Bb3 34. Bxb4
cxb4 35. Rd2 exf4 36. Bg2 Qf5 37. Rf1 Bd5 38. Kg1 Bxe4 0-1

[Event "Deutsche Schachbundesliga"]
[Site "Baden-Baden/Germany"]
[Date "2009.11.15"]
[Round "4.5"]
[White "Chernov"]
[Black "Renner"]
[Result "0-1"]
[WhiteElo "2433"]
[BlackElo "2440"]
[PlyCount "64"]
[EventDate "2009.??.??"]
[WhiteTeam "HDS"]
[BlackTeam "BAY"]
[TimeControl "40/6000+30:20/3000+30:900+30"]
[WhiteClock "0:09:35"]
[BlackClock "0:03:03"]

1. e4 e5 2. Nf3 Nc6 3. Bb5 a6 4. Bxc6 dxc6 5. O-O Qd6 6. Na3 b5 7. c3 c5 8. Nc2
Bb7 9. a4 Nf6 10. axb5 axb5 11. Rxa8+ Bxa8 12. d4 cxd4 13. cxd4 Nxe4 14. Qe2
Qb6 15. dxe5 Bc5 16. b4 Be7 17. Nfd4 O-O 18. Nf5 Bd8 19. Bb2 Qg6 20. Nce3 Ng5
21. f4 Nh3+ 22. Kh1 Be4 23. Ng3 Bd3 24. Qf3 Bxf1 25. Nexf1 Qd3 26. f5 Qxf3 27.
gxf3 Nf2+ 28. Kg2 Nd3 29. Bd4 Re8 30. Nh5 g6 31. Nf6+ Bxf6 32. exf6 Nxb4 0-1

[Event "Deutsche Schachbundesliga"]
[Site "Bremen/Germany"]
[Date "2009.11.15"]
[Round "4.2"]
[White "Cyborowski"]
[Black "Fressinet"]
[Result "0-1"]
[WhiteElo "2503"]
[BlackElo "2658"]
[PlyCount "70"]
[EventDate "2009.??.??"]
[WhiteTeam "TRI"]
[BlackTeam "WBR"]
[TimeControl "40/6000+30:20/3000+30:900+30"]
[WhiteClock "0:00:05"]
[BlackClock "0:09:50"]

1. d4 d5 2. Nf3 Nf6 3. c4 c6 4. Nc3 dxc4 5. e3 b5 6. a4 b4 7. Na2 e6 8. Bxc4
Nbd7 9. Bd2 a5 10. Nc1 Bb7 11. Nb3 Be7 12. O-O O-O 13. h3 c5 14. Qe2 Qb6 15.
Bb5 Bd5 16. dxc5 Nxc5 17. Nxc5 Bxc5 18. Ne5 Rfd8 19. Nd3 Be7 20. Rfc1 Ne4 21.
Be1 Nd6 22. Ne5 Rac8 23. Bd3 Ne4 24. Qh5 g6 25. Qf3 f5 26. Qe2 Nc5 27. Bb5 Bf6
28. Nd3 Bb3 29. Nxc5 Rxc5 30. e4 Qc7 31. Rxc5 Qxc5 32. exf5 exf5 33. Qf3 Qc2
34. Qe3 Bxb2 35. Qe7 Rf8 0-1

[Event "Deutsche Schachbundesliga"]
[Site "Baden-Baden/Germany"]
[Date "2009.11.15"]
[Round "4.7"]
[White "Dautov"]
[Black "Schoene"]
[Result "1-0"]
[WhiteElo "2596"]
[BlackElo "2274"]
[PlyCount "67"]
[EventDate "2009.??.??"]
[WhiteTeam "BAD"]
[BlackTeam "ERF"]
[TimeControl "40/6000+30:20/3000+30:900+30"]
[WhiteClock "0:36:00"]
[BlackClock "0:25:00"]

1. d4 g6 2. c4 Bg7 3. Nf3 Nf6 4. g3 O-O 5. Bg2 d6 6. O-O Nc6 7. Nc3 a6 8. e4
Bg4 9. Be3 Nd7 10. Ne2 Na5 11. Rc1 c5 12. h3 Bxf3 13. Bxf3 Nc6 14. d5 Na5 15.
b3 b5 16. Nf4 Rb8 17. Bd2 b4 18. h4 Nb7 19. h5 a5 20. Kg2 a4 21. hxg6 hxg6 22.
Rh1 axb3 23. axb3 Ra8 24. Qg1 Ra2 25. Qh2 Nf6 26. Be3 Qd7 27. Nd3 Rd8 28. Bh6
Ng4 29. Bxg4 Qxg4 30. Bxg7 Qxe4+ 31. Kg1 Kxg7 32. Qh6+ Kf6 33. Rh4 Qxd3 34.
Rf4+ 1-0

[Event "Deutsche Schachbundesliga"]
[Site "Muellheim/Germany"]
[Date "2009.11.15"]
[Round "4.4"]
[White "Edouard"]
[Black "Glek"]
[Result "1/2-1/2"]
[WhiteElo "2620"]
[BlackElo "2537"]
[PlyCount "43"]
[EventDate "2009.??.??"]
[WhiteTeam "SOL"]
[BlackTeam "KAT"]
[TimeControl "40/6000+30:20/3000+30:900+30"]

1. e4 d6 2. d4 Nf6 3. Nc3 e5 4. Nf3 Nbd7 5. Bc4 Be7 6. O-O O-O 7. Re1 a6 8. a4
b6 9. b3 Bb7 10. Bb2 c6 11. Bd3 Re8 12. Ne2 Bf8 13. Ng3 b5 14. Qd2 g6 15. c4
bxa4 16. Rxa4 exd4 17. Bxd4 Ne5 18. Bc2 Nfg4 19. Qd1 c5 20. Ba1 Qf6 21. Nf1 Bh6
22. h3 1/2-1/2

[Event "Deutsche Schachbundesliga"]
[Site "Emsdetten/Germany"]
[Date "2009.11.15"]
[Round "4.3"]
[White "Feygin"]
[Black "Muse M"]
[Result "1-0"]
[WhiteElo "2546"]
[BlackElo "2448"]
[PlyCount "47"]
[EventDate "2009.??.??"]
[WhiteTeam "EMS"]
[BlackTeam "TEG"]
[TimeControl "40/6000+30:20/3000+30:900+30"]
[WhiteClock "0:35:00"]
[BlackClock "0:02:16"]

1. e4 d6 2. d4 Nf6 3. Nc3 Nbd7 4. f4 e5 5. Nf3 exd4 6. Qxd4 Nc5 7. Be3 Be7 8.
O-O-O O-O 9. e5 Nfd7 10. Nd5 dxe5 11. Nxe5 Bd6 12. Nc4 Ne6 13. Qc3 Bc5 14. f5
Bxe3+ 15. Qxe3 Nec5 16. Ne7+ Kh8 17. Ne5 Qe8 18. N5g6+ fxg6 19. Nxg6+ hxg6 20.
Qh3+ Kg8 21. Bc4+ Rf7 22. fxg6 Ne5 23. gxf7+ Nxf7 24. Bxf7+ 1-0

[Event "Deutsche Schachbundesliga"]
[Site "Bremen/Germany"]
[Date "2009.11.15"]
[Round "4.6"]
[White "Flumbort"]
[Black "Hracek"]
[Result "1/2-1/2"]
[WhiteElo "2513"]
[BlackElo "2606"]
[PlyCount "99"]
[EventDate "2009.??.??"]
[WhiteTeam "TRI"]
[BlackTeam "WBR"]
[TimeControl "40/6000+30:20/3000+30:900+30"]
[WhiteClock "0:04:30"]
[BlackClock "0:53:00"]

1. d4 Nf6 2. c4 e6 3. Nf3 Bb4+ 4. Bd2 a5 5. g3 d6 6. Bg2 Nbd7 7. O-O e5 8. Nc3
O-O 9. Qc2 Re8 10. e4 exd4 11. Nxd4 Ne5 12. b3 Bc5 13. Nf5 c6 14. Rad1 Bxf5 15.
exf5 Rc8 16. Bg5 h6 17. Bh4 Ned7 18. Ne4 Qc7 19. Nxc5 Nxc5 20. Bxf6 gxf6 21.
Rd4 Kg7 22. Qd2 Rh8 23. Rd1 Rcd8 24. Rg4+ Kf8 25. Qc3 Nd7 26. Rgd4 Kg7 27. Rxd6
Ne5 28. c5 Rxd6 29. Rxd6 Rd8 30. Qd4 Rxd6 31. cxd6 Qd8 32. h3 Nd7 33. Qe3 Qc8
34. Qe7 Ne5 35. f4 Nd7 36. a3 Nb6 37. Qc7 Qxc7 38. dxc7 Kf8 39. Bf3 Ke7 40. g4
Kd7 41. h4 Kxc7 42. Kf2 Kd6 43. Ke3 Nd7 44. Kd4 Nc5 45. Bd1 Nd7 46. Bc2 b5 47.
b4 axb4 48. axb4 c5+ 49. bxc5+ Nxc5 50. h5 1/2-1/2

[Event "Deutsche Schachbundesliga"]
[Site "Emsdetten/Germany"]
[Date "2009.11.15"]
[Round "4.6"]
[White "Fruebing"]
[Black "Fiebig"]
[Result "1/2-1/2"]
[WhiteElo "2305"]
[BlackElo "2426"]
[PlyCount "38"]
[EventDate "2009.??.??"]
[WhiteTeam "TEG"]
[BlackTeam "EMS"]
[TimeControl "40/6000+30:20/3000+30:900+30"]
[WhiteClock "1:22:00"]
[BlackClock "1:27:00"]

1. e4 e6 2. d4 d5 3. Nc3 Nf6 4. Bg5 Bb4 5. e5 h6 6. Bd2 Bxc3 7. bxc3 Ne4 8. Qg4
Kf8 9. Bd3 Nxd2 10. Kxd2 c5 11. h4 Nc6 12. Rh3 c4 13. Bf1 b5 14. Ne2 Bd7 15.
Nf4 Ne7 16. Nh5 Nf5 17. Ng3 Ne7 18. Nh5 Nf5 19. Ng3 Ne7 1/2-1/2

[Event "Deutsche Schachbundesliga"]
[Site "Bremen/Germany"]
[Date "2009.11.15"]
[Round "4.5"]
[White "Ftacnik"]
[Black "Ruck"]
[Result "1-0"]
[WhiteElo "2532"]
[BlackElo "2548"]
[PlyCount "109"]
[EventDate "2009.??.??"]
[WhiteTeam "HSK"]
[BlackTeam "EPP"]
[TimeControl "40/6000+30:20/3000+30:900+30"]
[WhiteClock "0:42:00"]
[BlackClock "0:32:00"]

1. d4 d5 2. c4 c6 3. Nf3 Nf6 4. e3 Bg4 5. Nc3 e6 6. Qb3 Qb6 7. Nh4 Bh5 8. h3 g5
9. Nf3 h6 10. Bd3 Rg8 11. c5 Qc7 12. Qc2 Nbd7 13. b4 Bg6 14. Bxg6 Rxg6 15. Bb2
Be7 16. Nd2 h5 17. a4 h4 18. b5 g4 19. a5 cxb5 20. Nxb5 Qc6 21. Qa4 gxh3 22.
Rxh3 Rxg2 23. Rxh4 Kf8 24. Rh8+ Rg8 25. Rxg8+ Kxg8 26. Nc3 Qxa4 27. Rxa4 Ne8
28. Ba3 Kf8 29. e4 dxe4 30. Ndxe4 Nc7 31. Nd6 b6 32. c6 Nf6 33. Ndb5 Nfd5 34.
axb6 axb6 35. Rxa8+ Nxa8 36. Nxd5 Bxa3 37. c7 Nxc7 38. Ndxc7 Bb4+ 39. Ke2 Ke7
40. Na6 Ba5 41. Nb8 Kd8 42. f4 Kc8 43. Nc6 Kd7 44. Nxa5 bxa5 45. Nc3 Kc6 46.
Kd3 Kd6 47. Ke4 Ke7 48. Ke5 f6+ 49. Ke4 Kf7 50. d5 Ke7 51. Na4 Kd6 52. dxe6
Kxe6 53. Nc5+ Ke7 54. Kd5 Kf7 55. Kd6 1-0

[Event "Deutsche Schachbundesliga"]
[Site "Baden-Baden/Germany"]
[Date "2009.11.15"]
[Round "4.3"]
[White "Ginsburg"]
[Black "Schenk"]
[Result "1/2-1/2"]
[WhiteElo "2537"]
[BlackElo "2509"]
[PlyCount "80"]
[EventDate "2009.??.??"]
[WhiteTeam "HDS"]
[BlackTeam "BAY"]
[TimeControl "40/6000+30:20/3000+30:900+30"]
[WhiteClock "0:43:00"]
[BlackClock "0:53:00"]

1. e4 e6 2. d4 d5 3. Nd2 c5 4. Ngf3 cxd4 5. Nxd4 Nc6 6. Nxc6 bxc6 7. c4 Nf6 8.
Bd3 dxe4 9. Nxe4 Nxe4 10. Bxe4 Qxd1+ 11. Kxd1 Bb7 12. Be3 O-O-O+ 13. Kc2 c5 14.
Bxb7+ Kxb7 15. a3 a5 16. a4 Bd6 17. Ra3 Kc6 18. Rb3 Bc7 19. Rb5 Bb6 20. Ra1 Ra8
21. Bd2 h5 22. h4 Bd8 23. Be3 Bb6 24. Ra3 Rhc8 25. Rab3 Ra6 26. Rd3 Raa8 27.
Bg5 f6 28. Bd2 Rd8 29. Rdb3 Ra6 30. Re3 Rd6 31. Re4 Ra8 32. Bf4 e5 33. Be3 Re6
34. Bd2 Rd6 35. f4 Rd4 36. Rxd4 exd4 37. Rb3 Re8 38. Rg3 Re7 39. Kd3 Bd8 40.
Rf3 f5 1/2-1/2

[Event "Deutsche Schachbundesliga"]
[Site "Bremen/Germany"]
[Date "2009.11.15"]
[Round "4.4"]
[White "Gyimesi"]
[Black "Rasmussen"]
[Result "1/2-1/2"]
[WhiteElo "2594"]
[BlackElo "2535"]
[PlyCount "154"]
[EventDate "2009.??.??"]
[WhiteTeam "EPP"]
[BlackTeam "HSK"]
[TimeControl "40/6000+30:20/3000+30:900+30"]
[WhiteClock "0:22:00"]
[BlackClock "0:05:00"]

1. d4 d5 2. c4 dxc4 3. e4 Nf6 4. e5 Nd5 5. Bxc4 Nb6 6. Bd3 Nc6 7. Be3 Nb4 8.
Be4 f5 9. exf6 exf6 10. Nc3 f5 11. Bb1 Bd6 12. Qf3 c6 13. Nge2 O-O 14. O-O N4d5
15. Nf4 Nxf4 16. Bxf4 Qc7 17. Bxd6 Qxd6 18. Bc2 Qxd4 19. Bb3+ Kh8 20. Rad1 Qb4
21. Ne2 Qg4 22. Qe3 Bd7 23. Rd4 Rfe8 24. Rxg4 Rxe3 25. fxe3 fxg4 26. Rf7 Re8
27. Nf4 g6 28. Nd3 Be6 29. Bxe6 Rxe6 30. Kf2 Nd5 31. Rxb7 Rxe3 32. Nb4 Re7 33.
Rxe7 Nxe7 34. Ke3 a5 35. Nd3 Nf5+ 36. Kf4 Kg7 37. Ne5 c5 38. Nd7 h5 39. Nxc5
Nh4 40. Kg3 Nf5+ 41. Kf2 Nd6 42. b4 axb4 43. Nd3 b3 44. axb3 Kf6 45. Ke3 Kf5
46. Nb2 g3 47. hxg3 Kg4 48. Nc4 Nf5+ 49. Kf2 Nxg3 50. Ne5+ Kf4 51. Nxg6+ Kg4
52. Ne5+ Kf4 53. Nd3+ Kg4 54. b4 Ne4+ 55. Kg1 Nd6 56. Kh2 Kf5 57. Kh3 Ke4 58.
Nf2+ Ke3 59. Nh1 Kd4 60. Ng3 Kc4 61. Nxh5 Kxb4 62. Kg4 Kc5 63. Nf6 Nf7 64. Kf5
Kd4 65. Ng4 Nd6+ 66. Ke6 Ne4 67. Nh6 Ke3 68. Ke5 Kf2 69. g4 Kf3 70. Kf5 Nd6+
71. Ke6 Ne4 72. Ke5 Ng5 73. Kf5 Ne4 74. Nf7 Ng3+ 75. Kg5 Ne4+ 76. Kh5 Nf6+ 77.
Kh4 Nxg4 1/2-1/2

[Event "Deutsche Schachbundesliga"]
[Site "Baden-Baden/Germany"]
[Date "2009.11.15"]
[Round "4.2"]
[White "Haba"]
[Black "Bacrot"]
[Result "0-1"]
[WhiteElo "2541"]
[BlackElo "2709"]
[PlyCount "82"]
[EventDate "2009.??.??"]
[WhiteTeam "ERF"]
[BlackTeam "BAD"]
[TimeControl "40/6000+30:20/3000+30:900+30"]
[WhiteClock "0:40:00"]
[BlackClock "0:49:00"]

1. d4 Nf6 2. c4 e6 3. g3 c5 4. d5 exd5 5. cxd5 d6 6. Nc3 g6 7. Bg2 Bg7 8. Nf3
Na6 9. O-O O-O 10. Nd2 Nc7 11. Nc4 Nfe8 12. a4 b6 13. Bd2 Ba6 14. b3 f5 15. Qc1
Qd7 16. Bh6 Bxh6 17. Qxh6 Nf6 18. Qd2 Rae8 19. f4 Re7 20. Bf3 Nce8 21. Rf2 Ng7
22. Rg2 Rfe8 23. h3 h5 24. Re1 Kf7 25. e3 Rh8 26. Kf2 Ke8 27. Nb5 Bxb5 28. axb5
Kf7 29. b4 Rc8 30. Rb1 Nge8 31. Qe2 cxb4 32. Rxb4 Ne4+ 33. Bxe4 Rxe4 34. g4 Qc7
35. Ne5+ dxe5 36. Rxe4 fxe4 37. gxh5 Nf6 38. d6 Qxd6 39. Qa2+ Qd5 40. Qxa7+ Nd7
41. hxg6+ Kg7 0-1

[Event "Deutsche Schachbundesliga"]
[Site "Muellheim/Germany"]
[Date "2009.11.15"]
[Round "4.7"]
[White "Hausrath"]
[Black "Popovic"]
[Result "1-0"]
[WhiteElo "2528"]
[BlackElo "2496"]
[PlyCount "69"]
[EventDate "2009.??.??"]
[WhiteTeam "MUL"]
[BlackTeam "REM"]
[TimeControl "40/6000+30:20/3000+30:900+30"]

1. Nf3 Nf6 2. g3 g6 3. b3 Bg7 4. Bb2 b6 5. Bg2 Bb7 6. O-O c5 7. c4 O-O 8. Nc3
d6 9. d4 cxd4 10. Nxd4 Bxg2 11. Kxg2 Qc8 12. e3 Qb7+ 13. Qf3 Qxf3+ 14. Kxf3 Rc8
15. Rac1 Nbd7 16. Ke2 Kf8 17. f4 a6 18. h3 h5 19. Rg1 Nc5 20. g4 e5 21. fxe5
dxe5 22. Nf3 hxg4 23. hxg4 e4 24. Ng5 Nd3 25. Ba3+ Kg8 26. Rcf1 Ne5 27. Ncxe4
Nxe4 28. Nxe4 Nxc4 29. bxc4 Rxc4 30. Nf6+ Bxf6 31. Rxf6 Rc2+ 32. Kf3 Rxa2 33.
Bd6 Re8 34. Bc7 b5 35. Bb6 1-0

[Event "Deutsche Schachbundesliga"]
[Site "Bremen/Germany"]
[Date "2009.11.15"]
[Round "4.7"]
[White "Heinemann"]
[Black "Medvegy"]
[Result "1-0"]
[WhiteElo "2484"]
[BlackElo "2556"]
[PlyCount "73"]
[EventDate "2009.??.??"]
[WhiteTeam "HSK"]
[BlackTeam "EPP"]
[TimeControl "40/6000+30:20/3000+30:900+30"]
[WhiteClock "0:32:00"]
[BlackClock "0:00:15"]

1. e4 c6 2. d4 d5 3. e5 Bf5 4. Nf3 e6 5. Be2 Bb4+ 6. c3 Ba5 7. Nbd2 Nd7 8. Nf1
f6 9. exf6 Ngxf6 10. Ng3 O-O 11. Nxf5 exf5 12. Qd3 Ne4 13. Bf4 g5 14. Nxg5 Nxg5
15. Qg3 Kh8 16. Qxg5 Qxg5 17. Bxg5 Bc7 18. O-O Rg8 19. Bh4 Bd8 20. Bxd8 Raxd8
21. Bd3 Rgf8 22. Rfe1 Rf7 23. Re6 Nf8 24. Re5 f4 25. Rae1 Kg7 26. Rg5+ Kh6 27.
h4 Rd6 28. Kh2 Rdf6 29. Kh3 b5 30. Ree5 Ng6 31. Bxg6 hxg6 32. Kg4 b4 33. h5
bxc3 34. Rxg6+ Rxg6+ 35. hxg6 Rg7 36. bxc3 Rxg6+ 37. Kf3 1-0

[Event "Deutsche Schachbundesliga"]
[Site "Muellheim/Germany"]
[Date "2009.11.15"]
[Round "4.8"]
[White "Hoffmann"]
[Black "Scholz"]
[Result "1-0"]
[WhiteElo "2513"]
[BlackElo "2373"]
[PlyCount "57"]
[EventDate "2009.??.??"]
[WhiteTeam "SOL"]
[BlackTeam "KAT"]
[TimeControl "40/6000+30:20/3000+30:900+30"]

1. e4 c5 2. Nf3 d6 3. d4 cxd4 4. Nxd4 Nf6 5. Nc3 a6 6. Bg5 e6 7. f4 Qb6 8. Qd3
Qxb2 9. Rb1 Qa3 10. f5 Nc6 11. fxe6 fxe6 12. Nxc6 bxc6 13. Be2 Be7 14. Bh5+ g6
15. e5 Nd5 16. Rb3 Qa5 17. Bxe7 Nxe7 18. exd6 Qxh5 19. dxe7 Qh4+ 20. g3 Qxe7
21. O-O Rf8 22. Ne4 Rxf1+ 23. Qxf1 Ra7 24. Rd3 Bd7 25. Qf2 Qb4 26. Nd6+ Ke7 27.
Qf7+ Kd8 28. Qf8+ Kc7 29. Ne8+ 1-0